 Dungeon Crawl Stone Soup version 0.21.1-1-g345015f (webtiles) character file.

37 kae the Insei (level 3, -1/26 HPs)
             Began as a Demonspawn Transmuter on May 19, 2018.
             Slain by Terence
             ... wielding a +0 trident
              (3 damage)
             ... on level 2 of the Dungeon.
             The game lasted 00:01:26 (1421 turns).

kae the Insei (Demonspawn Transmuter)               Turns: 1421, Time: 00:01:27

Health: -1/26      AC:  5    Str: 10    XL:     3   Next: 21%
Magic:  0/6        EV: 12    Int: 14    God:
Gold:   124        SH:  0    Dex: 14    Spells: 3/6 levels left

rFire    . . .     SeeInvis .     - Unarmed
rCold    . . .     Gourm    .   (no shield)
rNeg     . . .     Faith    .   b - +0 robe
rPois    .         Spirit   .   j - +0 helmet
rElec    .         Reflect  .   g - scarf {repulsion}
rCorr    .         Harm     .   e - +1 pair of gloves
MR       .....                  (no boots)
Stlth    +.........             (no amulet)
HPRegen  0.08/turn              (no ring)
MPRegen  0.10/turn              (no ring)

@: repel missiles
A: hooves 1, rot immunity
a: no special abilities


You were on level 2 of the Dungeon.
You were very hungry.

You visited 1 branch of the dungeon, and saw 2 of its levels.

You collected 124 gold pieces.

Inventory:

Missiles
 a - 7 arrows
Armour
 b - a +0 robe (worn)
 e - a +1 pair of gloves (worn)
 g - a scarf of repulsion (worn)
 j - a +0 helmet (worn)
Scrolls
 f - 2 scrolls of immolation
 h - a scroll of enchant armour
 l - a scroll of fog {unknown}
 n - a scroll of fear {unknown}
 o - a scroll of identify
Potions
 i - 2 potions of curing {unknown}
 k - a potion of might
 m - 3 potions of haste {unknown}
 p - a potion of lignification {unknown}
Books
 c - a book of Changes

   Spells                             Type                      Level
   a - Beastly Appendage              Transmutation                1
   b - Sticks to Snakes               Transmutation                2
   c - Spider Form                    Transmutation/Poison         3
   d - Ice Form                       Ice/Transmutation            4
   e - Blade Hands                    Transmutation                5
Comestibles
 d - 4 rations


   Skills:
 + Level 1.4 Fighting
 - Level 1.7 Dodging
 * Level 3.1 Unarmed Combat
 + Level 2.3 Spellcasting
 * Level 2.4 Transmutations


You had 3 spell levels left.
You knew the following spells:

 Your Spells              Type           Power        Failure   Level  Hunger
a - Beastly Appendage     Tmut           #.....       9%          1    #......
b - Sticks to Snakes      Tmut           #.......     13%         2    ###....


Dungeon Overview and Level Annotations

Branches:
Dungeon (2/15)

Altars:

Annotations:
D:2 1 runed door, Terence


Innate Abilities, Weirdness & Mutations

You have large cloven feet.
You are immune to rotting.


Message History

Terence closely misses you.
Your ball python bites Terence but does no damage.
Your ball python constricts Terence.
You hit Terence.
Terence is severely wounded.
Your ball python bites Terence.
Your ball python constricts Terence.
Terence hits you with a trident.
* * * LOW HITPOINT WARNING * * *
Your ball python bites Terence but does no damage.
Your ball python constricts Terence.
Casting: Sticks to Snakes
Confirm with . or Enter, or press ? or * to list all spells.
You create a snake!
You now have 7 arrows.
Terence shouts, "Now you die!" Terence hits you with a trident.
* * * LOW HITPOINT WARNING * * *
Your ball python bites Terence but does no damage.
Your ball python constricts Terence.
Terence hits you with a trident.
You die...

....# #+# .. ##### ♣.♣♣
###.# '...# ♣♣.♣ #.#.#.#
##### ♣.♣♣ #...#.# <...#
♣♣.♣ #.(.#.#.# #...#
♣♣.♣♣ #...#.#.# '...#
♣♣...♣ #...#.#.# #...#
♣....♣ #.(...#.# #...#
#....# #.@S..#.##
#...####....###.@S(....#
#......#...###.(..#....#
#......#..## ##.#(#....#
.
#......#.######.#.#....#
.#
######.#...)...(#.#....#
... ####
#..........#.#.#.## ....
...#
#..#######.#.#.#.##.....
...#
#..##....#.#.#.........#


You could see Terence and 2 friendly ball pythons.

Vanquished Creatures
  An ooze (D:2)
  A ball python (D:2)
  5 goblins
  4 hobgoblins (D:1)
  4 bats (D:1)
  2 kobolds (D:1)
  8 rats
25 creatures vanquished.

Vanquished Creatures (collateral kills)
  An adder (D:2)
1 creature vanquished.

Grand Total: 26 creatures vanquished

Notes
Turn   | Place    | Note
-------+----------+-------------------------------------------
     0 | D:1      | kae the Demonspawn Transmuter began the quest for the Orb.
     0 | D:1      | Reached XP level 1. HP: 15/15 MP: 3/3
   231 | D:1      | Gained mutation: You have large cloven feet. [demonic ancestry]
   231 | D:1      | Reached XP level 2. HP: 21/21 MP: 3/5
   719 | D:2      | Reached skill level 3 in Unarmed Combat
   792 | D:2      | Noticed Terence
   808 | D:1      | Learned a level 2 spell: Sticks to Snakes
   972 | D:2      | Found a runed door.
  1016 | D:2      | Gained mutation: You are immune to rotting. [demonic ancestry]
  1016 | D:2      | Reached XP level 3. HP: 13/26 MP: 3/6
  1421 | D:2      | Slain by Terence

Skill      XL: |  1  2 |
---------------+-------+-----
Transmutations | 2 |  2.4
Unarmed Combat | 3 |  3.1
Fighting       | |  1.4
Dodging        | |  1.7
Spellcasting   | |  2.3

Action                   || total
-------------------------++-------
Melee: Unarmed           ||    81
       Kick              ||    22
       Headbutt          ||     2
 Cast: Beastly Appendage ||    11
       Sticks to Snakes  ||     5
  Use: Scroll            ||     4
  Eat: Chunk             ||     1
Armor: Robe              ||    27
Dodge: Dodged            ||    51
